 Dungeon Crawl Stone Soup version 0.31-a0-319-g4fced400ed (webtiles) character file.

Game seed: 15797411275799281936

198 Maratek the Slasher (level 5, -2/70 HPs)
             Began as a Draconian Berserker on July 17, 2023.
             Was a Believer of Trog.
             Slain by an orc
             ... wielding a +0 club
              (4 damage)
             ... on level 3 of the Dungeon.
             The game lasted 00:04:32 (2275 turns).

Maratek the Slasher (Draconian Berserker)           Turns: 2275, Time: 00:04:33

Health: -2/70      AC:  5    Str: 20    XL:     5   Next: 47%
Magic:  5/5        EV: 13    Int:  7    God:    Trog [**....]
Gold:   150        SH:  0    Dex: 12    Spells: 4/4 levels left

rFire   . . .        a - +0 falchion
rCold   . . .        (no shield)
rNeg    . . .        (body armour unavailable)
rPois   .            (helmet restricted)
rElec   .            (no cloak)
rCorr   .            (no gloves)
SInv    .            (no boots)
Will    ++...        (no amulet) Stlth
                     (no ring)
HPRegen 1.31/turn    (no ring)
MPRegen 0.09/turn

%: no passive effects
@: berserking, strong-willed, regenerating, very quick
A: AC +5, unfitting armour, cold-blooded
a: Renounce Religion, Berserk, Trog's Hand


You were on level 3 of the Dungeon.
You worshipped Trog.
Trog was pleased with you.
You visited 1 branch of the dungeon, and saw 3 of its levels.

You collected 150 gold pieces.

Inventory:

Hand Weapons
 a - a +0 falchion (weapon)
 l - a +2 dagger of speed
Wands
 p - a wand of iceblast (10)
Scrolls
 c - 2 scrolls of enchant weapon {unknown}
 d - a scroll of butterflies {unknown}
 e - 2 scrolls of immolation {unknown}
 f - a scroll of noise {unknown}
 h - a scroll of fear {unknown}
 i - a scroll of identify {unknown}
 m - a scroll of brand weapon {unknown}
 o - a scroll of blinking {unknown}
 s - a scroll of amnesia {unknown}
Potions
 b - a potion of resistance {unknown}
 g - 2 potions of might {unknown}
 j - 2 potions of ambrosia {unknown}
 k - a potion of curing {unknown}
 n - a potion of haste {unknown}
 q - a potion of invisibility {unknown}
 r - a potion of attraction {unknown}
 t - a potion of lignification {unknown}


   Skills:
 + Level 4.4 Fighting
 + Level 4.7 Long Blades
 + Level 3.6 Dodging
 + Level 0.8 Stealth


You had 4 spell levels left.
You didn't know any spells.
Your spell library was empty.

Dungeon Overview and Level Annotations

Branches:
Dungeon (3/15)

Altars:
Nemelex Xobeh


Innate Abilities, Weirdness & Mutations

Your plain brown scales are hard. (AC +5)
You cannot fit into any form of body armour.
You are cold-blooded and may be slowed by cold attacks.


Message History

A hobgoblin comes into view.
You closely miss the frilled lizard.
The orc priest hits you with a +0 morningstar!
The frilled lizard closely misses you.
You barely miss the frilled lizard. The orc hits you but does no damage.
The orc priest closely misses you. The frilled lizard closely misses you.
The orc shouts!
You hit the frilled lizard.
You kill the frilled lizard!
Trog accepts your kill.
The orc priest hits you with a +0 morningstar.
The orc hits you but does no damage. The orc hits you with a +0 hand axe.
The orc barely misses you. The orc hits you with a +0 hand axe.
The orc priest hits you with a +0 morningstar.
* * * LOW HITPOINT WARNING * * *
Your skin crawls.
You feel strong-willed. The orc hits you but does no damage.
The orc misses you.
A red film seems to cover your vision as you go berserk!
You feel yourself moving faster!
You feel mighty! The orc hits you with a +0 club.
* * * LOW HITPOINT WARNING * * *
The orc completely misses you. The orc barely misses you.
The orc priest hits you with a +0 morningstar!
* * * LOW HITPOINT WARNING * * *
You hit the orc priest.
The orc priest is lightly wounded.
You slash the orc priest!
Your tail-slap misses the orc priest.
The orc priest is almost dead.
The orc hits you but does no damage. The orc misses you.
The orc closely misses you.
The orc priest hits you with a +0 morningstar!
* * * LOW HITPOINT WARNING * * *
You slash the orc priest!
You kill the orc priest!
Trog accepts your kill. The orc hits you with a +0 club.
* * * LOW HITPOINT WARNING * * *
The orc hits you with a +0 club.
You die...

...#..#.# .......... .
......## . . ......###
..##. .......
.....##g#..##### .
#............oo.......
..#...#.#..<...o@.......
..#.......#.###.#..####.
.......................
..#...#...#.###.#.......
..#...#.........#.......
..#...#.........##......
.##.............# .###.#
.##..)#..##.###.# .# .#
......#......##.#


You could see 3 orcs and a hobgoblin.

Vanquished Creatures
  2 orc priests (D:3)
  Jessica (D:2)
  An orc wizard (D:3)
  Robin (D:2)
  An adder (D:2)
  2 worms
  2 dart slugs
  3 orcs (D:3)
  3 endoplasms (D:2)
  3 giant cockroaches
  6 hobgoblins
  2 jackals (D:2)
  5 ball pythons
  2 bats (D:1)
  2 frilled lizards (D:3)
  12 goblins
  4 kobolds
  8 rats
60 creatures vanquished.

Notes
Turn   | Place    | Note
-------+----------+-------------------------------------------
     0 | D:1      | Maratek the Draconian Berserker began the quest for the
                  | Orb.
     0 | D:1      | Reached XP level 1. HP: 19/19 MP: 1/1
   117 | D:1      | Reached XP level 2. HP: 26/26 MP: 2/2
   387 | D:1      | Reached ** piety under Trog
   708 | D:2      | Reached XP level 3. HP: 20/33 MP: 3/3
   711 | D:2      | Found a sparkling altar of Nemelex Xobeh.
  1151 | D:2      | Noticed Jessica
  1160 | D:2      | Killed Jessica
  1161 | D:2      | Reached XP level 4. HP: 40/40 MP: 4/4
  1174 | D:2      | Noticed Robin
  1186 | D:2      | Killed Robin
  1765 | D:3      | Reached XP level 5. HP: 20/46 MP: 5/5
  2275 | D:3      | HP: 2/70 [orc/+0 club (4)]
  2275 | D:3      | Slain by an orc

Illustrated notes

Levels and vault maps discovered:
D:1:      amcnicky_arrival_blooded_trapdoor, layout_loops_ring,
          nicolae_twisty_statue_hallways
D:2:      layout_loops_ring, basic_altar, minmay_misc_feat_tower,
          item_on_display_b, uniq_jessica, uniq_robin
D:3:      minmay_octagon_keep, layout_basic, minmay_crystal_room,
          guppyfry_early_orc_mine

Skill      XL: |  1  2  3  4 |
---------------+-------------+-----
Dodging        | 3 |  3.6
Fighting       | 4 |  4.4
Long Blades    | 4 |  4.7
Stealth        | |  0.8

Action                     |  1- 3 |  4- 6 || total
---------------------------+-------+-------++-------
  Melee: Falchion          |    91 |    69 ||   160
         Tailslap          |    10 |    12 ||    22
 Invoke: Berserk           |     1 |     3 ||     4
         Trog's Hand       |       |     1 ||     1
 Armour: Skin              |    35 |    23 ||    58
  Dodge: Dodged            |    52 |    41 ||    93

Table legend: (Time is in decaauts)
 A = Elapsed time spent in this place.
 B = Non-inter-level travel time spent in this place.
 C = Inter-level travel time spent in this place.
 D = Time resting spent in this place.
 E = Time spent auto-exploring this place.
 F = Levels seen in this place.
 G = Mean time per level.
                   A        B        C        D        E       F      G
               +--------+--------+--------+--------+--------+-----+--------+
         Total |   2316 |   2231 |     85 |    446 |   1284 |   3 |  772.0 |
       Dungeon |   2316 |   2231 |     85 |    446 |   1284 |   3 |  772.0 |
               +--------+--------+--------+--------+--------+-----+--------+

Top non-repeatable levels by time:
     D:2: 1018 daAuts
     D:1: 704 daAuts
     D:3: 593 daAuts
